 Dungeon Crawl Stone Soup version 0.20-a0-1020-g7b9e4fe (console) character file.

42 nht the Ruffian (level 3, -2/28 HPs)
             Began as a Draconian Transmuter on Apr 18, 2017.
             Was an Initiate of Elyvilon.
             Slain by Natasha (5 damage)
             ... on level 3 of the Dungeon.
             The game lasted 00:02:21 (1016 turns).

nht the Ruffian (Draconian Transmuter)              Turns: 1016, Time: 00:02:22

Health: -2/28      AC:  8    Str: 10 (12) XL:     3   Next: 35%
Magic:  6/6        EV: 12    Int: 13 (14) God:    Elyvilon [......]
Gold:   59         SH:  0    Dex:  8 (11) Spells: 2/6 levels left

rFire    . . .     SeeInvis .     - Unarmed
rCold    . . .     Gourm    .   (no shield)
rNeg     . . .     Faith    .   (armour unavailable)
rPois    .         Spirit   .   (helmet restricted)
rElec    .         Reflect  .   (no cloak)
rCorr    .         Harm     .   (no gloves)
MR       .....                  j - +2 pair of boots
Stlth    +.........             (no amulet)
Regen    0.1/turn               (no ring)
MPRegen  0.1/turn               (no ring)

@: no status effects
A: unfitting armour, horns 1, blurry vision 1, deterioration 1, cold-blooded, AC
+5
a: Renounce Religion


You were on level 3 of the Dungeon.
You worshipped Elyvilon.
Elyvilon was noncommittal.
You were hungry.

You visited 1 branch of the dungeon, and saw 3 of its levels.

You collected 59 gold pieces.

Inventory:

Missiles
 a - 39 arrows
Armour
 j - a +2 pair of boots (worn)
Scrolls
 e - 3 scrolls of teleportation {unknown}
 g - a scroll of fear {unknown}
 i - a scroll of enchant weapon {unknown}
 k - a scroll of blinking {unknown}
 l - a scroll of recharging {unknown}
 n - a scroll of remove curse {unknown}
 p - a scroll of identify {unknown}
Books
 b - a book of Changes

   Spells                             Type                      Level
   a - Beastly Appendage              Transmutation                1
   b - Sticks to Snakes               Transmutation                2
   c - Spider Form                    Transmutation/Poison         3
   d - Ice Form                       Ice/Transmutation            4
   e - Blade Hands                    Transmutation                5
Comestibles
 c - a bread ration
 f - a meat ration


   Skills:
 - Level 1.1 Fighting
 - Level 1.7 Dodging
 * Level 4.0 Unarmed Combat
 - Level 2.0 Spellcasting
 + Level 2.7 Transmutations


You had 2 spell levels left.
You knew the following spells:

 Your Spells              Type           Power        Failure   Level  Hunger
a - Beastly Appendage     Tmut           #.....       10%         1    ##.....
b - Spider Form           Tmut/Pois      #.........   52%         3    ####...


Dungeon Overview and Level Annotations

Branches:
Dungeon (3/15)

Altars:
Elyvilon
Nemelex Xobeh

Annotations:
D:2 dig
D:3 Natasha; Paps's ghost, amateur MiFi


Innate Abilities, Weirdness & Mutations

Your plain brown scales are hard. (AC +5)
You cannot fit into any form of body armour.
You are cold-blooded and may be slowed by cold attacks.
You have a pair of small horns on your head.
Scrolls take you a little longer to read.
Your body sometimes deteriorates upon taking damage.


Message History

Natasha is moderately wounded.
You are feeling hungry.
Natasha stares at you and mumbles some strange words.
The magic dart hits you!
* * * LOW HITPOINT WARNING * * *
You are too injured to fight recklessly!
You are too injured to fight recklessly!
You barely miss Natasha.
Natasha is moderately wounded.
The crimson imp blinks!
Natasha claws you but does no damage.
Unknown command.
Unknown command.
Unknown command.
Unknown command.
Unknown command.
You aren't carrying any potions.
You punch Natasha!
Natasha is almost dead.
Natasha claws you.
You die...

.. .. █ █. .█ █.█.
.. █.█.████.
....... ██ █..§.█
.. █..h.█ █.
█..@.█ █..█.5..█
.███..█....█..████
.................█
████.█.████.....█
█.█ █.█.█ █.....█
█.█ █ █.█ █.....█
█.█ █.█ █.....█
█.█ █.████.....██
█.█


You could see Natasha and a crimson imp.

Vanquished Creatures
  An adder (D:2)
  A worm (D:2)
  2 dart slugs
  5 goblins
  3 hobgoblins
  2 ball pythons (D:1)
  4 bats
  4 kobolds
  5 rats
27 creatures vanquished.

Notes
Turn   | Place    | Note
-------+----------+-------------------------------------------
     0 | D:1      | nht the Draconian Transmuter began the quest for the Orb.
     0 | D:1      | Reached XP level 1. HP: 16/16 MP: 3/3
   182 | D:1      | Reached XP level 2. HP: 22/23 MP: 5/5
   498 | D:2      | Found a white marble altar of Elyvilon.
   511 | D:2      | Found a sparkling altar of Nemelex Xobeh.
   555 | D:2      | Reached XP level 3. HP: 20/28 MP: 6/6
   624 | D:2      | Became a worshipper of Elyvilon the Healer
   925 | D:3      | Noticed Paps's ghost (amateur MiFi)
   932 | D:3      | Gained mutation: Your body sometimes deteriorates upon taking damage. [potion of mutation]
   932 | D:3      | Gained mutation: Scrolls take you a little longer to read. [potion of mutation]
   932 | D:3      | Gained mutation: You have a pair of large horns on your head. [potion of mutation]
   940 | D:3      | Reached skill level 4 in Unarmed Combat
   984 | D:2      | Learned a level 3 spell: Spider Form
  1008 | D:3      | Noticed Natasha
  1016 | D:3      | Slain by Natasha

Vault maps used:
D:1:      dpeg_arrival_connections, corexii_leaking_fountain
D:2:      grunt_temple_overflow_open, due_unseen_surprise
D:3:      lemuel_crystal_altar, nicolae_tso_carved_into_rock, uniq_natasha,
          uniq_crazy_yiuf_cottage

Skill      XL: |  1  2  3 |
---------------+----------+-----
Unarmed Combat | 4 |  4.0
Fighting       | |  1.1
Dodging        | |  1.7
Spellcasting   | |  2.0
Transmutations | |  2.7

Action                   || total
-------------------------++-------
Melee: Unarmed           ||   105
       Tailslap          ||     5
       Punch             ||     3
       Headbutt          ||     2
 Cast: Beastly Appendage ||     3
  Use: Potion            ||     3
Armor: Skin              ||    42
Dodge: Dodged            ||    74
